 Dungeon Crawl Stone Soup version 0.30-b1-2-g02819fbbbe (webtiles) character file.

Game seed: 992486365219739231

450 LLlMATKO the Trooper (level 6, -7/84 HPs)
             Began as a Minotaur Berserker on Nov 19, 2023.
             Was a Believer of Trog.
             Mangled by a two-headed ogre
             ... wielding a +0 dire flail
              (8 damage)
             ... on level 5 of the Dungeon.
             The game lasted 00:02:38 (3151 turns).

LLlMATKO the Trooper (Minotaur Berserker)           Turns: 3151, Time: 00:02:38

Health: -7/84      AC: 11    Str: 24    XL:     6   Next: 74%
Magic:  5/5        EV: 10    Int:  4    God:    Trog [**....]
Gold:   158        SH:  5    Dex: 15    Spells: 5/5 levels left

rFire   . . .        a - +0 hand axe
rCold   . . .        b - +0 buckler
rNeg    . . .        s - +0 chain mail
rPois   .            (helmet restricted)
rElec   .            (no cloak)
rCorr   .            (no gloves)
SInv    .            v - +1 pair of boots
Will    .....        k - amulet of the acrobat Stlth
                     q - +6 ring of dexterity
HPRegen 0.34/turn    (no ring)
MPRegen 0.09/turn

%: acrobat
@: berserking (expiring), very quick
A: horns 2, retaliatory headbutt
a: Renounce Religion, Berserk, Trog's Hand


You were on level 5 of the Dungeon.
You worshipped Trog.
Trog was pleased with you.
You visited 1 branch of the dungeon, and saw 5 of its levels.

You collected 203 gold pieces.
You spent 45 gold pieces at shops.

Inventory:

Hand Weapons
 a - a +0 hand axe (weapon)
Missiles
 x - 4 poisoned darts (quivered)
Armour
 b - a +0 buckler (worn)
 s - a +0 chain mail (worn)
 v - a +1 pair of boots (worn)
Jewellery
 k - an amulet of the acrobat (around neck)
 q - a +6 ring of dexterity (left hand)
Wands
 w - a wand of mindburst (12)
Scrolls
 d - a scroll of vulnerability {unknown}
 g - 4 scrolls of amnesia {unknown}
 h - a scroll of enchant armour {unknown}
 i - a scroll of magic mapping {unknown}
 l - 2 scrolls of teleportation {unknown}
 n - a scroll of immolation {unknown}
 o - 6 scrolls of identify {unknown}
 r - a scroll of poison {unknown}
 u - a scroll of summoning {unknown}
Potions
 c - a potion of resistance {unknown}
 e - 4 potions of heal wounds {unknown}
 f - a potion of lignification {unknown}
 j - 3 potions of degeneration {unknown}
 m - a potion of magic {unknown}
 p - 3 potions of curing {unknown}
 t - a potion of invisibility {unknown}
 z - a potion of cancellation {unknown}


   Skills:
 + Level 5.4 Fighting
 + Level 5.2 Axes
 + Level 4.5 Armour
 + Level 4.1 Dodging
 + Level 2.8 Shields


You had 5 spell levels left.
You didn't know any spells.
Your spell library was empty.

Dungeon Overview and Level Annotations

Branches:
Dungeon (5/15)             Temple (0/1) D:5

Altars:

Shops:
D:2 [

Annotations:
D:3 3 runed translucent doors, noone's ghost, amateur OpEE


Innate Abilities, Weirdness & Mutations

You have a pair of horns on your head.
You reflexively headbutt those who attack you in melee.


Message History

No target in view!
You see here a +0 leather armour.
Found 9 stones.
A two-headed ogre comes into view.
It is wielding a +0 dire flail and a +0 giant spiked club.
The two-headed ogre shouts in stereo!
A two-headed ogre is nearby!
The two-headed ogre hits you with a +0 dire flail!
The two-headed ogre closely misses you.
You see here 9 stones.
A two-headed ogre is nearby!
You are too injured to fight recklessly!
A two-headed ogre is nearby!
You are too injured to fight recklessly!
A red film seems to cover your vision as you go berserk!
You feel yourself moving faster!
You feel mighty!
You slash the two-headed ogre!
The two-headed ogre is moderately wounded.
The two-headed ogre hits you with a +0 dire flail!!
The two-headed ogre hits you with a +0 giant spiked club!
You hit the two-headed ogre but do no damage.
The two-headed ogre is moderately wounded.
You hit the two-headed ogre.
The two-headed ogre is moderately wounded.
The two-headed ogre barely misses you.
The two-headed ogre hits you with a +0 giant spiked club!
* * * LOW HITPOINT WARNING * * *
You slash the two-headed ogre!
Your headbutt misses the two-headed ogre.
The two-headed ogre is severely wounded.
You barely miss the two-headed ogre. You headbutt the two-headed ogre!
The two-headed ogre is almost dead.
The two-headed ogre hits you with a +0 dire flail!
* * * LOW HITPOINT WARNING * * *
You block the two-headed ogre's attack.
You barely miss the two-headed ogre.
The two-headed ogre is almost dead.
You hit the two-headed ogre.
The two-headed ogre is almost dead.
The two-headed ogre hits you with a +0 dire flail!
You die...

.#............
.......<.#####
.#.......# #
.........# #
.######### # ###
############# #..
#.......##.(.
##.######.......##..#
#...@O..#.......##..#
#..####.#........#...
#..### #............
#....# .#.......##[..
#.##.# .#.......##...
#.##.##.##########.##
#.......# #.##
####...######## #...
##.#.......# ####


You could see a two-headed ogre.

Vanquished Creatures
  A phantom (D:5)
  A howler monkey (D:5)
  2 hounds
  2 orc wizards
  2 iguanas (D:5)
  6 adders
  An ufetubus (D:5)
  A worm (D:3)
  5 dart slugs
  10 orcs
  8 endoplasms
  7 goblins
  8 hobgoblins
  6 kobolds
  7 quokkas
  4 ball pythons
  3 bats
  4 frilled lizards
  4 rats
82 creatures vanquished.

Vanquished Creatures (others)
  An orc wizard (D:4)
1 creature vanquished.

Grand Total: 83 creatures vanquished

Notes
Turn   | Place    | Note
-------+----------+-------------------------------------------
     0 | D:1      | LLlMATKO the Minotaur Berserker began the quest for the
                  | Orb.
     0 | D:1      | Reached XP level 1. HP: 19/19 MP: 0/0
    84 | D:1      | Reached XP level 2. HP: 17/27 MP: 1/1
   546 | D:2      | Reached XP level 3. HP: 32/33 MP: 2/2
   555 | D:2      | Found Jaxudgh's Armour Shop.
   723 | D:2      | Reached ** piety under Trog
  1118 | D:2      | Bought a +0 buckler for 45 gold pieces
  1140 | D:3      | Found a runed translucent gate.
  1140 | D:3      | Found a runed translucent gate.
  1140 | D:3      | Found a runed translucent gate.
  1150 | D:3      | Reached XP level 4. HP: 36/41 MP: 3/3
  1410 | D:3      | Reached skill level 1 in Shields
  1618 | D:3      | Noticed noone's ghost (amateur OpEE)
  2100 | D:4      | Reached XP level 5. HP: 47/47 MP: 4/4
  2688 | D:5      | Entered Level 5 of the Dungeon
  2760 | D:5      | Reached skill level 5 in Fighting
  2795 | D:5      | Found a staircase to the Ecumenical Temple.
  2870 | D:5      | Reached XP level 6. HP: 56/56 MP: 5/5
  2926 | D:5      | Reached skill level 5 in Axes
  3141 | D:5      | Noticed a two-headed ogre
  3149 | D:5      | HP: 1/84 [two-headed ogre/+0 dire flail (17)]
  3151 | D:5      | Mangled by a two-headed ogre

Illustrated notes

Levels and vault maps discovered:
D:1:      matt_arrival_debris, layout_rooms
D:2:      layout_rooms, serial_shops, shop, minmay_misc_feat_rows
D:3:      layout_basic, gammafunk_ghost_necromancy, minmay_puff
D:4:      layout_basic
D:5:      layout_loops_cross, minmay_temple_entry_hall, serial_shops,
          nicolae_shop_just_a_little_nook, uniq_crazy_yiuf_cottage

Skill      XL: |  1  2  3  4  5  6 |
---------------+-------------------+-----
Fighting       | 4 5 |  5.4
Axes           | 4 5 |  5.2
Armour         | 3 4 |  4.5
Dodging        | 3 4 |  4.1
Shields        | 1 2 |  2.8

Action                     |  1- 3 |  4- 6 || total
---------------------------+-------+-------++-------
  Melee: Hand axe          |    71 |   140 ||   211
         Headbutt          |     7 |    20 ||    27
         Punch             |     2 |       ||     2
 Invoke: Berserk           |       |     3 ||     3
   Stab: Distracted        |     1 |       ||     1
 Armour: Animal skin       |    11 |       ||    11
         Chain mail        |       |    59 ||    59
  Dodge: Dodged            |    39 |    75 ||   114
  Block: Buckler           |     2 |    20 ||    22
